Map: Orbital Shipyard

Players

AgCl - Winner!

  • Race: Protoss Protoss

VapouR

  • Race: Zerg Zerg

VOD

Have the link to the VOD?

Description

Time

  • Played on: May 1, 2015, 6:55 p.m.
  • Length: 10:23
Show
View Real Time Build Order
Export as new Build Order

AgCl Protoss - Winner!

Build Orders: Cannon Rush 

Get SALT Encoding   

  12  0:02  Probe  
  13  0:14  Probe  
  14  0:33  Pylon  
  14  0:51  Probe  
  15  0:59  Forge  
  15  1:03  Probe  
  16  1:15  Probe, Pylon  
  17  1:20  Pylon  
  17  1:22  Pylon  
  17  1:27  Probe  
  18  1:39  Photon Cannon  
  18  1:42  Photon Cannon  
  18  1:43  Photon Cannon  
  18  1:47  Gateway  
  18  1:51  Photon Cannon  
  18  2:03  Gateway  
  18  2:09  Photon Cannon  
  18  2:20  Probe (Chrono Boost), Assimilator  
  19  2:24  Assimilator  
  19  2:32  Probe (Chrono Boost)  
  20  2:37  Cybernetics Core  
  20  2:38  Pylon  
  20  2:40  Probe (Chrono Boost), Gateway  
  20  2:44  Probe, Zealot (Chrono Boost)  
  24  2:54  Pylon  
  24  2:55  Probe  
  25  3:12  Photon Cannon  
  26  3:17  Photon Cannon  
  23  3:28  Adept (Chrono Boost)  
  23  3:29  Probe  
  26  3:43  Probe  
  29  3:56  Cybernetics Core  
  29  3:58  Probe  
  28  4:16  Pylon  
  28  4:19  Probe (Chrono Boost)  
  29  4:25  Zealot x2  
  29  4:29  Probe (Chrono Boost)  
  34  4:37  Assimilator  
  36  4:38  Mothership Core (Chrono Boost)  
  36  4:45  Photon Cannon  
  35  4:48  Pylon, Photon Cannon  
  35  4:50  Probe (Chrono Boost)  
  36  4:58  Pylon  
  36  4:59  Probe (Chrono Boost)  
  35  5:13  Warp Gate (Chrono Boost)  
  35  5:14  Probe, Assimilator  
  36  5:24  Stalker x2  
  36  5:26  Probe  
  41  5:30  Pylon  
  39  5:38  Probe  
  40  5:50  Stargate  
  40  5:51  Probe  
  40  5:55  Pylon  
  41  6:03  Probe  
  40  6:15  Probe  
  41  6:27  Probe  
  41  6:28  Nexus  
  42  6:39  Probe  
  47  6:41  Oracle (Chrono Boost)  
  44  6:51  Probe, Protoss Ground Weapons Level 1 (Chrono Boost)  
  45  6:56  Pylon  
  43  7:04  Gateway  
  43  7:06  Pylon  
  43  7:17  Stalker x2  
  46  7:32  Void Ray (Chrono Boost)  
  46  7:54  Probe  
  47  8:01  Zealot  
  47  8:02  Zealot x2  
  53  8:08  Void Ray (Chrono Boost)  
  47  8:35  Pylon  
  45  8:48  Stalker  
  40  9:15  Photon Cannon  
  40  9:17  Assimilator  
  40  9:22  Assimilator  
  40  9:25  Pylon  
  41  9:34  Mothership Core (Chrono Boost)  
  41  9:35  Oracle  
  41  9:38  Pylon  
  42  9:47  Pylon  
  42  9:48  Probe (Chrono Boost)  
  43  9:57  Cybernetics Core  
  43  10:00  Probe (Chrono Boost)  
  43  10:03  Photon Cannon  
  44  10:12  Probe (Chrono Boost)  
Show
View Real Time Build Order
Export as new Build Order

VapouR Zerg 

Build Orders: Hatch First 

Get SALT Encoding   

  12  0:01  Drone  
  13  0:17  Overlord  
  13  0:21  Drone  
  14  0:35  Drone  
  14  0:36  Drone  
  14  0:42  Drone  
  17  0:53  Hatchery  
  17  0:56  Drone  
  17  1:01  Extractor  
  17  1:02  Drone  
  17  1:16  Spawning Pool  
  17  2:05  Zergling x2  
  17  2:06  Zergling x6  
  21  2:09  Spine Crawler  
  21  2:11  Spine Crawler  
  15  2:30  Queen  
  15  2:31  Drone  
  15  2:32  Drone  
  15  2:34  Extractor  
  18  2:41  Spine Crawler  
  17  2:48  Drone  
  17  2:49  Drone  
  19  3:09  Drone  
  19  3:11  Drone  
  21  3:29  Hatchery  
  21  3:32  Drone  
  21  3:51  Overlord  
  21  3:53  Overlord  
  21  3:57  Baneling Nest  
  21  4:04  Roach Warren  
  20  4:20  Drone x4  
  24  4:24  Drone  
  25  4:32  Overlord  
  24  4:45  Queen  
  26  4:53  Roach  
  26  4:54  Roach  
  30  5:03  Roach  
  30  5:16  Roach  
  32  5:21  Queen  
  34  5:30  Roach  
  36  5:38  Roach  
  36  5:44  Burrow  
  36  5:45  Drone x6  
  36  5:49  Extractor  
  39  5:52  Roach  
  41  6:02  Roach x2  
  45  6:10  Roach  
  43  6:17  Queen  
  41  6:19  Roach  
  41  6:26  Drone x2  
  43  6:38  Drone x2  
  43  6:39  Drone  
  46  6:52  Roach x4  
  50  7:06  Roach  
  52  7:10  Overlord  
  52  7:20  Roach  
  52  7:28  Queen  
  50  7:47  Roach x5  
  50  7:50  Roach x5  
  60  7:56  Overlord x3  
  60  8:01  Spore Crawler  
  60  8:03  Queen  
  56  8:09  Roach  
  56  8:10  Roach x2  
  20  9:47  Roach x7  
Tags
 
Add a new tag
Caveats
  • Supply blocks, unpowered buildings, or Contaminate may cause inaccurate times.
  • Supply counts are checked every 10 seconds.